 Dungeon Crawl Stone Soup version 0.30-a0-847-g17996783a1 (webtiles) character file.

Game seed: 12442895867515991072

6582 Newt the Markskobold (level 11, -3/56 HPs)
             Began as a Kobold Hunter on Mar 3, 2023.
             Was a Believer of Hepliaklqana.
             Slain by a killer bee (7 damage)
             ... on level 9 of the Dungeon.
             The game lasted 00:12:17 (10841 turns).

Newt the Markskobold (Kobold Hunter)               Turns: 10841, Time: 00:12:18

Health: -3/56      AC:  9    Str: 10    XL:     11   Next: 21%
Magic:  0/19       EV: 25    Int: 10    God:    Hepliaklqana [**....]
Gold:   603        SH:  0    Dex: 22    Spells: 19/21 levels left

rFire   . . .      SeeInvis .    a - +3 shortbow (flame)
rCold   . . .      Faith    .    (shield currently unavailable)
rNeg    . . .      Spirit   +    L - +2 troll leather armour
rPois   .          Reflect  .    (no helmet)
rElec   .          Rampage  .    t - +0 cloak
rCorr   .                        i - +0 pair of gloves
Will    .....                    e - +0 pair of boots
Stlth   +++                      w - amulet of guardian spirit
HPRegen 1.09/turn                C - +5 ring of evasion
MPRegen 0.16/turn                (no ring)

@: lethally poisoned (-3 -> -4), wereblooded, studying Hexes
A: reduced essence, small, no large weapons, nightstalker 3
a: Renounce Religion, Recall Ancestor, Ancestor Identity


You were on level 9 of the Dungeon.
You worshipped Hepliaklqana.
Hepliaklqana was pleased with you.
You visited 2 branches of the dungeon, and saw 10 of its levels.
You also visited: Ossuary.

You collected 603 gold pieces.

Inventory:

Hand Weapons
 a - a +3 shortbow of flaming (weapon)
Missiles
 f - 5 throwing nets
Armour
 c - a +1 leather armour
 e - a +0 pair of boots (worn)
 i - a +0 pair of gloves (worn)
 t - a +0 cloak (worn)
 z - a +0 leather armour of positive energy
 E - +0 gold dragon scales
 I - +0 steam dragon scales
 L - a +2 troll leather armour (worn)
Jewellery
 w - an amulet of guardian spirit (around neck)
 C - a +5 ring of evasion (left hand)
 H - a ring of willpower
Wands
 g - a wand of polymorph (6)
 s - a wand of digging (10)
 B - a wand of flame (44)
 J - a wand of paralysis (7)
 M - a wand of iceblast (14)
Scrolls
 b - 3 scrolls of immolation
 o - 4 scrolls of teleportation
 r - a scroll of fear
 u - 2 scrolls of noise
 v - a scroll of blinking
 x - a scroll of amnesia
 y - a scroll of summoning
 A - a scroll of fog
Potions
 d - 2 potions of lignification
 h - a potion of invisibility
 j - a potion of magic
 k - 2 potions of attraction
 l - a potion of mutation
 m - 2 potions of curing
 n - 5 potions of brilliance
 p - 4 potions of flight
 q - a potion of might
 D - 3 potions of degeneration
 F - a potion of resistance {unknown}
 G - a potion of heal wounds
 K - a potion of ambrosia


   Skills:
 - Level 5.0 Fighting
 - Level 16.0 Ranged Weapons
 + Level 8.1 Dodging
 - Level 1.3 Stealth
 - Level 5.7 Spellcasting
 - Level 5.7 Transmutations


You had 19 spell levels left.
You knew the following spells:

 Your Spells              Type           Power      Damage    Failure   Level
a - Wereblood             Tmut           14%        N/A       4%          2

Your spell library contained the following spells:

 Spells                   Type           Power      Damage    Failure   Level
 Sublimation of Blood     Necr           2%         N/A       41%         2
 Tukima's Dance           Hex            2%         N/A       65%         3
 Yara's Violent Unravell  Hex/Tmut       4%         3d4       94%         5
 Airstrike                Air            1%         2d(1-17)  96%         4
 Anguish                  Hex/Necr       1%         N/A       96%         4
 Passage of Golubria      Tloc           2%         N/A       96%         4
 Summon Lightning Spire   Summ/Air       2%         N/A       96%         4
 Lightning Bolt           Conj/Air       1%         1d12      100%        5
 Enfeeble                 Hex            1%         N/A       100%        7
 Summon Hydra             Summ           1%         N/A       100%        7


Dungeon Overview and Level Annotations

Branches:
Dungeon (9/15)             Temple (1/1) D:7         Ossuary (visited)
   Lair: D:8-11         Orc: D:9-12

Altars:
Ashenzari
Cheibriados
Dithmenos
Elyvilon
Fedhas
Gozag
Hepliaklqana
Kikubaaqudgha
Makhleb
Nemelex Xobeh
Okawaru
Ru
Sif Muna
Trog
Uskayaw
Vehumet
Wu Jian
Xom
Yredelemnul
Zin
The Shining One
Jiyva


Innate Abilities, Weirdness & Mutations

Your life essence is reduced to manifest your ancestor. (-10% HP)
You are small and have problems with some larger weapons.
You are completely attuned to the shadows.


Message History

You howl as the wereblood boils in your veins!
Your primal bloodlust is almost over.
You hear an angry buzzing noise.
The killer bee closely misses you. x2; The killer bee misses you. x4
The killer bee stings you.
* * * LOW HITPOINT WARNING * * *
You are poisoned.
The killer bee poisons you! The killer bee stings you.
* * * LOW HITPOINT WARNING * * *
The killer bee completely misses you.
Okay, then.
As you read the scroll of fear, it crumbles to dust.
You assume a fearsome visage.
The killer bee looks frightened!
The killer bee is unaffected.
The killer bee looks frightened! x2
You feel sick. The killer bee barely misses you. The killer bee misses you.
The killer bee stings you but does no damage.
Casting: Wereblood (safe; 4% risk of failure)
Press: ? - help, Q - select action, (/) - cycle Dir - look around, f - activate Your blood is freshly infused with primal strength!
You feel sick. The killer bee completely misses you.
The killer bee barely misses you. The killer bee closely misses you.
Unknown command.
Fire: a) +3 shortbow (flame)
Press: ? - help, Shift-Dir - straight line, f - killer bee
Aim: a killer bee (almost dead, berserk, 55% to hit)
You shoot an arrow. The arrow barely misses the killer bee.
You feel sick. The killer bee stings you.
* * * LOW HITPOINT WARNING * * *
A killer bee comes into view.
The killer bee completely misses you.
Fire: a) +3 shortbow (flame)
Press: ? - help, Shift-Dir - straight line, f/p - killer bee
Aim: a killer bee (almost dead, berserk, 55% to hit)
You shoot an arrow. The killer bee buzzes angrily.
The arrow hits the killer bee.
The arrow burns the killer bee.
The killer bee is almost dead.
You hear an angry buzzing noise.
The killer bee stings you!
You die...

........# #
.####...#
##### #...#
..... #...#
†. .....
#...# #.##
.....
#...#####.y#
#####
#.......†††#
#
#.........y#
#
#...####.@.#
# #. #...#
#...# # #.#
#...# #...#
# #.####...#
#...# #
#........#
#...# #
#........#
#...# .. #
###..###...#
#...###.. #
.....# #...#
#........
.#### .....#
#...#
#.........
###.....


You could see 2 killer bees.

Vanquished Creatures
  Maggie (D:7)
  The ghost of retardedninja the Shield-Bearer, an amateur GnFi (D:4)
  A troll (D:8)
  A queen bee (D:9)
  Prince Ribbit (D:7)
  A shadow (D:9)
  2 steam dragons (D:7)
  A warg (D:8)
  A water moccasin (D:7)
  4 orc warriors
  An ice beast (D:8)
  5 ogres
  A phantom (D:5)
  5 kobold brigands
  3 bullfrogs
  Blork the orc (D:6)
  A gnoll sergeant (D:8)
  2 scorpions
  13 killer bees
  11 howler monkeys
  2 electric eels (D:6)
  3 centaur zombies (Ossuary)
  12 hounds
  A human zombie (Ossuary)
  5 jellies
  5 gnoll boudas
  7 orc priests
  An iguana (D:7)
  10 orc wizards
  Natasha (thrice) (D:4)
  2 ogre zombies (Ossuary)
  7 mummies (Ossuary)
  16 gnolls (D:8)
  12 adders
  2 white imps
  2 ufetubi
  2 adder zombies (Ossuary)
  4 worms
  2 dart slugs
  33 orcs
  7 bats
  2 endoplasms (D:4)
  7 giant cockroaches
  5 goblins
  9 hobgoblins
  3 jackals (D:4)
  4 quokkas
  11 ball pythons
  2 frilled lizards (D:1)
  A gnoll zombie (Ossuary)
  6 goblin zombies (Ossuary)
  4 hobgoblin zombies (Ossuary)
  20 kobolds
  4 kobold zombies (Ossuary)
  2 quokka zombies (Ossuary)
  10 rats
  3 rat zombies (Ossuary)
288 creatures vanquished.

Vanquished Creatures (collateral kills)
  A gnoll sergeant (D:8)
  2 killer bees (D:9)
  A gnoll (D:8)
  An orc (D:8)
  A goblin zombie (Ossuary)
  A rat zombie (Ossuary)
7 creatures vanquished.

Vanquished Creatures (others)
  An ancestor (D:8)
  A knight (D:9)
  2 plants (D:8)
4 creatures vanquished.

Grand Total: 299 creatures vanquished

Notes
Turn   | Place    | Note
-------+----------+-------------------------------------------
     0 | D:1      | Newt the Kobold Hunter began the quest for the Orb.
     0 | D:1      | Reached XP level 1. HP: 12/12 MP: 1/1
    73 | D:1      | Reached XP level 2. HP: 18/18 MP: 2/2
   250 | D:1      | Reached XP level 3. HP: 23/23 MP: 3/3
   847 | D:2      | Reached XP level 4. HP: 30/30 MP: 4/4
   848 | D:2      | Found a faded altar of an unknown god.
  1414 | D:2      | Found a basalt altar of Yredelemnul.
  1422 | D:2      | Reached skill level 5 in Fighting
  2012 | D:2      | Reached XP level 5. HP: 35/35 MP: 5/5
  2187 | D:3      | Reached skill level 6 in Ranged Weapons
  2322 | D:3      | Noticed a moth of wrath
  2325 | D:3      | Found a bloodstained altar of Trog.
  2906 | D:3      | Reached skill level 7 in Ranged Weapons
  2906 | D:3      | Reached XP level 6. HP: 26/40 MP: 6/6
  3868 | D:4      | Noticed Natasha
  3893 | D:4      | Killed Natasha
  3903 | D:4      | Reached skill level 8 in Ranged Weapons
  3904 | D:4      | Noticed Natasha
  3909 | D:4      | Killed Natasha
  3914 | D:4      | Noticed Natasha
  3916 | D:4      | Killed Natasha
  3983 | D:4      | Reached XP level 7. HP: 44/44 MP: 7/7
  4025 | D:4      | You fall into a shaft and drop 1 floor!
  4025 | D:5      | Entered Level 5 of the Dungeon
  4049 | D:5      | Reached skill level 9 in Ranged Weapons
  4114 | D:5      | Found a sand-covered staircase.
  4118 | Ossuary  | Entered an ossuary
  4282 | Ossuary  | Reached skill level 10 in Ranged Weapons
  4457 | Ossuary  | Reached XP level 8. HP: 46/49 MP: 8/8
  4728 | D:5      | Reached skill level 5 in Dodging
  5147 | D:4      | Found a runed translucent gate.
  5147 | D:4      | Found a runed translucent gate.
  5148 | D:4      | Found a runed translucent gate.
  5296 | D:4      | Noticed retardedninja's ghost (amateur GnFi)
  5322 | D:4      | Killed retardedninja's ghost
  5326 | D:4      | Learned a level 2 spell: Wereblood
  6501 | D:6      | Reached XP level 9. HP: 54/54 MP: 14/14
  7151 | D:6      | Noticed Blork the orc
  7168 | D:6      | Killed Blork the orc
  7595 | D:7      | Reached skill level 5 in Spellcasting
  7595 | D:7      | Reached skill level 5 in Transmutations
  8031 | D:7      | Noticed Prince Ribbit
  8040 | D:7      | Killed Prince Ribbit
  8041 | D:7      | Reached skill level 11 in Ranged Weapons
  8149 | D:7      | Found a staircase to the Ecumenical Temple.
  8275 | D:7      | Reached XP level 10. HP: 43/59 MP: 7/18
  8283 | D:7      | Noticed Maggie
  8316 | D:7      | Killed Maggie
  8317 | D:7      | Reached skill level 12 in Ranged Weapons
  8384 | Temple   | Entered the Ecumenical Temple
  8680 | Temple   | Became a worshipper of Hepliaklqana the Forgotten
  9217 | D:8      | Reached skill level 13 in Ranged Weapons
  9391 | D:8      | Reached skill level 14 in Ranged Weapons
  9489 | D:8      | Found a viscous altar of Jiyva.
  9568 | D:8      | Reached * piety under Hepliaklqana
  9951 | D:8      | Reached skill level 15 in Ranged Weapons
 10032 | D:8      | Reached XP level 11. HP: 56/56 MP: 19/19
 10585 | D:9      | Reached skill level 16 in Ranged Weapons
 10649 | D:9      | Found a shimmering blue altar of Sif Muna.
 10730 | D:9      | Reached ** piety under Hepliaklqana
 10730 | D:9      | Found a glowing golden altar of the Shining One.
 10731 | D:9      | Remembered your ancestor Septima as a knight
 10841 | D:9      | Slain by a killer bee

Illustrated notes

Levels and vault maps discovered:
D:1:      minmay_arrival_wavy_path, layout_rooms, serial_curves, eino_curves_03,
          eino_curves_03, st_stairs_11
D:2:      minmay_evil_eye, layout_loops_corners, basic_altar,
          basic_ecumenical_altar
D:3:      layout_basic, tgw_trog, st_stairs_11
D:4:      layout_cave_pools, gup_sewer_entry_bowl, ebering_ghost_rock_garden,
          uniq_natasha
D:5:      layout_gridville, lemuel_tele_altar, enter_ossuary_5
D:6:      layout_basic, lightli_minifort, uniq_blork_the_orc
D:7:      minmay_inner_zag, layout_loops_ring, minmay_temple_entry_large_hall,
          uniq_prince_ribbit1, uniq_maggie
D:8:      lemuel_castle_with_subvaults [lemuel_castle_interior_carwin_2],
          layout_basic, jiyva_altar_1
D:9:      layout_long_grid, led_sif_book, tso_metal_star, serial_shops, shop,
          special_room [special_room_bee], minmay_between
Temple:   nicolae_temple_bog_church

Skill      XL: |  1  2  3  4  5  6  7  8  9 10 11 |
---------------+----------------------------------+-----
Fighting       | 3 4 5 |  5.0
Ranged Weapons | 7 8 10 11 15 16 | 16.0
Dodging        | 4 6 8 |  8.1
Spellcasting   | 3 5 |  5.7
Transmutations | 3 5 |  5.7
Stealth        | |  1.3

Action                     |  1- 3 |  4- 6 |  7- 9 | 10-12 || total
---------------------------+-------+-------+-------+-------++-------
  Melee: Shortbow          |       |     5 |       |       ||     5
   Fire: Shortbow          |    77 |   177 |   414 |   316 ||   984
   Cast: Wereblood         |       |       |     4 |    11 ||    15
 Invoke: Ancestor Life: Kn |       |       |       |     1 ||     1
    Use: Scroll            |     2 |     7 |    12 |     5 ||    26
         Potion            |       |     3 |     5 |     1 ||     9
 Armour: Leather armour    |    15 |    57 |    54 |     1 ||   127
         Skin              |       |       |    14 |       ||    14
         Steam dragon scal |       |       |       |    12 ||    12
         Troll leather arm |       |       |       |    15 ||    15
  Dodge: Dodged            |    48 |   121 |   207 |   252 ||   628

Table legend: (Time is in decaauts)
 A = Elapsed time spent in this place.
 B = Non-inter-level travel time spent in this place.
 C = Inter-level travel time spent in this place.
 D = Time resting spent in this place.
 E = Time spent auto-exploring this place.
 F = Levels seen in this place.
 G = Mean time per level.
                   A        B        C        D        E       F      G
               +--------+--------+--------+--------+--------+-----+--------+
         Total |  10885 |  10591 |    294 |   1533 |   7306 |  11 |  989.5 |
       Dungeon |  10003 |   9747 |    256 |   1533 |   6662 |   9 | 1111.4 |
        Temple |    327 |    290 |     37 |      0 |    271 |   1 |  327.0 |
       Ossuary |    555 |    555 |      0 |      0 |    373 |   1 |  555.0 |
               +--------+--------+--------+--------+--------+-----+--------+

Top non-repeatable levels by time:
     D:3: 1645 daAuts
     D:2: 1558 daAuts
     D:8: 1375 daAuts
     D:7: 1278 daAuts
     D:6: 1236 daAuts
     D:5: 1180 daAuts
     D:4: 829 daAuts
     D:1: 636 daAuts
 Ossuary: 555 daAuts
  Temple: 327 daAuts
     D:9: 262 daAuts
